 Dungeon Crawl Stone Soup version 0.28-a0-655-g4eb62b627b (webtiles) character file.

Game seed: 2798920176834076695

238 pokeman the Magician (level 5, -1/29 HPs)
             Began as a Deep Elf Hedge Wizard on Oct 12, 2021.
             Slain by a sky beast (5 damage)
             ... on level 4 of the Dungeon on Oct 13, 2021.
             The game lasted 00:12:17 (4193 turns).

pokeman the Magician (Deep Elf Hedge Wizard)        Turns: 4193, Time: 00:12:17

Health: -1/29      AC:  6    Str:  7    XL:     5   Next: 78%
Magic:  7/16       EV: 12    Int: 20    God:
Gold:   116        SH:  0    Dex: 14    Spells: 6/17 levels left

rFire   . . .      SeeInvis .   p - +0 spear (vorpal)
rCold   . . .      Faith    .   (no shield)
rNeg    . . .      Spirit   .   n - +0 leather armour
rPois   .          Reflect  .   c - +0 hat
rElec   .          Harm     .   j - +0 cloak
rCorr   .          Rampage  .   (no gloves)
Will    .....                   a - +1 pair of boots
Stlth   ++........              (no amulet)
HPRegen 0.09/turn               (no ring)
MPRegen 0.15/turn               (no ring)

@: no status effects
A: no striking features
a: no special abilities


You were on level 4 of the Dungeon.
You visited 1 branch of the dungeon, and saw 4 of its levels.

You collected 116 gold pieces.

Inventory:

Hand Weapons
 p - a +0 vorpal spear (weapon)
Missiles
 d - 59 arrows
Armour
 a - a +1 pair of boots (worn)
 c - a +0 hat (worn)
 h - +0 fire dragon scales
 j - a +0 cloak (worn)
 m - a +0 buckler
 n - a +0 leather armour (worn)
Jewellery
 u - a +6 ring of dexterity
Scrolls
 b - a scroll of enchant weapon {unknown}
 f - a scroll of fog {unknown}
 g - a scroll of immolation {unknown}
 i - a scroll of silence {unknown}
 r - a scroll of identify {unknown}
 t - 2 scrolls of amnesia {unknown}
Potions
 e - a potion of lignification {unknown}
 k - a potion of brilliance {unknown}
 l - 2 potions of curing {unknown}
 o - a potion of invisibility {unknown}
 q - a potion of mutation {unknown}
 s - a potion of attraction {unknown}


   Skills:
 - Level 1.0 Fighting
 - Level 1.0 Armour
 - Level 3.0 Dodging
 - Level 3.1 Stealth
 - Level 1.0 Shields
 * Level 6.5 Spellcasting
 + Level 2.9 Conjurations
 - Level 1.1 Summonings
 - Level 1.1 Translocations
 + Level 0.8 Fire Magic
 + Level 0.1 Poison Magic


You had 6 spell levels left.
You knew the following spells:

 Your Spells              Type           Power      Damage    Failure   Level
a - Magic Dart            Conj           72%        1d6       4%          1
b - Mephitic Cloud        Conj/Pois/Air  10%        N/A       28%         3
c - Call Imp              Summ           10%        N/A       14%         2
d - Blink                 Tloc           N/A        N/A       14%         2
e - Conjure Flame         Conj/Fire      14%        6-21      21%         3

Your spell library contained the following spells:

 Spells                   Type           Power      Damage    Failure   Level
 Slow                     Hex            6%         N/A       22%         2


Dungeon Overview and Level Annotations

Branches:
Dungeon (4/15)
 Temple: D:4-7

Altars:
Nemelex Xobeh

Shops:
D:3 (

Annotations:
D:4 1 transporter, Ijyb; pokeman's ghost, novice DEWz


Message History

Confirm with . or Enter, or press ? or * to list all spells.
Aiming: Magic Dart (safe; 4% risk of failure)
Press: ? - help, Shift-Dir - straight line, f - howler monkey skeleton
Aim: a howler monkey skeleton (heavily damaged, ally target, 100% to hit)
The magic dart hits the howler monkey skeleton.
The howler monkey skeleton is heavily damaged.
Something hits you but does no damage.
The necrophage closely misses your crimson imp.
The howler monkey skeleton barely misses you.
Casting: Magic Dart (safe; 4% risk of failure)
Confirm with . or Enter, or press ? or * to list all spells.
Aiming: Magic Dart (safe; 4% risk of failure)
Press: ? - help, Shift-Dir - straight line, f/p - howler monkey skeleton
Aim: a howler monkey skeleton (heavily damaged, ally target, 100% to hit)
The magic dart hits the howler monkey skeleton.
The howler monkey skeleton is severely damaged.
Your crimson imp blinks!
Something barely misses you.
The howler monkey skeleton closely misses you.
Casting: Magic Dart (safe; 4% risk of failure)
Confirm with . or Enter, or press ? or * to list all spells.
Aiming: Magic Dart (safe; 4% risk of failure)
Press: ? - help, Shift-Dir - straight line, f/p - howler monkey skeleton
Aim: a howler monkey skeleton (severely damaged, 100% to hit)
The magic dart hits the howler monkey skeleton.
The howler monkey skeleton is almost destroyed.
Something hits you. Something shocks you. The necrophage hits you.
* * * LOW HITPOINT WARNING * * *
The howler monkey skeleton barely misses you.
Casting: Magic Dart (safe; 4% risk of failure)
Confirm with . or Enter, or press ? or * to list all spells.
Aiming: Magic Dart (safe; 4% risk of failure)
Press: ? - help, Shift-Dir - straight line, f/p - howler monkey skeleton
Aim: a howler monkey skeleton (almost destroyed, ally target, 100% to hit)
The magic dart hits the howler monkey skeleton.
You destroy the howler monkey skeleton!
Something hits you.
* * * LOW HITPOINT WARNING * * *
Something shocks you.
You die...

# ### ...
... # ...
####.##
..( ..#
###n@...#
... ..
#..{###..#
..© ..
#..o# #
### #.
##..## # .
#..#.5##
.# ...
#..#..#
#.# #..
#.....#
#..# .
#..#..#
#..#
#..#.##
..#


You could see a necrophage, an orc and a friendly crimson imp (summoned).

Vanquished Creatures
  A hound (D:4)
  Jessica (D:3)
  An iguana (D:2)
  A howler monkey skeleton (D:4)
  A gnoll (D:4)
  6 adders
  2 worms
  5 dart slugs
  7 ball pythons
  7 endoplasms
  3 giant cockroaches
  6 goblins
  8 hobgoblins
  4 jackals (D:2)
  8 kobolds
  3 quokkas
  3 bats
  4 frilled lizards
  8 rats
79 creatures vanquished.

Notes
Turn   | Place    | Note
-------+----------+-------------------------------------------
     0 | D:1      | pokeman the Deep Elf Hedge Wizard began the quest for the
                  | Orb.
     0 | D:1      | Reached XP level 1. HP: 10/10 MP: 7/7
   395 | D:1      | Reached XP level 2. HP: 15/15 MP: 6/9
   492 | D:1      | Found a faded altar of an unknown god.
  1148 | D:1      | Reached skill level 5 in Spellcasting
  1487 | D:2      | Reached XP level 3. HP: 9/20 MP: 5/11
  1491 | D:2      | Learned a level 3 spell: Mephitic Cloud
  1494 | D:2      | Learned a level 2 spell: Call Imp
  1497 | D:2      | Learned a level 2 spell: Blink
  1501 | D:2      | Learned a level 3 spell: Conjure Flame
  1736 | D:2      | Reached skill level 1 in Armour
  1978 | D:2      | Reached skill level 1 in Fighting
  2165 | D:2      | Reached XP level 4. HP: 25/25 MP: 4/13
  3471 | D:3      | Noticed Jessica
  3475 | D:3      | Killed Jessica
  3476 | D:3      | Reached skill level 6 in Spellcasting
  3476 | D:3      | Reached XP level 5. HP: 29/29 MP: 9/15
  3564 | D:3      | Reached skill level 1 in Shields
  3757 | D:3      | Found Rogysoip's Weapon Shop.
  3907 | D:3      | Found a sparkling altar of Nemelex Xobeh.
  4063 | D:4      | Noticed pokeman's ghost (novice DEWz)
  4063 | D:4      | Found a transporter.
  4088 | D:4      | Noticed Ijyb
  4149 | D:4      | Noticed a sky beast
  4165 | D:4      | Noticed a necrophage
  4193 | D:4      | Slain by a sky beast

Illustrated notes

Levels and vault maps discovered:
D:1:      lightli_arrival_chessboard, layout_loops_corners,
          hellmonk_ecumenical_altar_arch_garden, hangedman_decor_push,
          fountainhead
D:2:      minmay_alternating_diamond, layout_basic
D:3:      layout_rooms, nemelex_xobeh_ov_fountains_minmay, serial_shops, shop,
          chequers_avenue, uniq_jessica
D:4:      layout_rooms, gup_sewer_entry_pipe, gammafunk_ghost_mausoleum,
          uniq_ijyb

Skill      XL: |  1  2  3  4  5 |
---------------+----------------+-----
Spellcasting   | 5 6 |  6.5
Armour         | 1 |  1.0
Fighting       | 1 |  1.0
Conjurations   | 2 |  2.9
Dodging        | 3 |  3.0
Shields        | 1 |  1.0
Stealth        | 3 |  3.1
Summonings     | |  1.1
Translocations | |  1.1
Fire Magic     | |  0.8
Poison Magic   | |  0.1

Action                   |  1- 3 |  4- 6 || total
-------------------------+-------+-------++-------
Melee: Dagger            |       |     1 ||     1
       Spear             |       |    11 ||    11
 Cast: Magic Dart        |   118 |    99 ||   217
       Mephitic Cloud    |       |     3 ||     3
       Blink             |       |     3 ||     3
       Call Imp          |       |     2 ||     2
       Conjure Flame     |       |     1 ||     1
 Stab: Confused          |       |     1 ||     1
Armor: Robe              |     4 |       ||     4
       Leather armour    |       |    12 ||    12
Dodge: Dodged            |    19 |    24 ||    43

Table legend: (Time is in decaauts)
 A = Elapsed time spent in this place.
 B = Non-inter-level travel time spent in this place.
 C = Inter-level travel time spent in this place.
 D = Time resting spent in this place.
 E = Time spent auto-exploring this place.
 F = Levels seen in this place.
 G = Mean time per level.
                   A        B        C        D        E       F      G
               +--------+--------+--------+--------+--------+-----+--------+
         Total |   4196 |   4130 |     66 |    165 |   3377 |   4 | 1049.0 |
       Dungeon |   4196 |   4130 |     66 |    165 |   3377 |   4 | 1049.0 |
               +--------+--------+--------+--------+--------+-----+--------+

Top non-repeatable levels by time:
     D:2: 1931 daAuts
     D:1: 1401 daAuts
     D:3: 751 daAuts
     D:4: 111 daAuts
